 Dungeon Crawl Stone Soup version 0.31-a0-167-g1c394c0614 (webtiles) character file.

Game seed: 9232910392011576516

104607 qw the Severer (level 16, -3/104 HPs)
             Began as a Gargoyle Fighter on June 14, 2023.
             Was an Elder of Okawaru.
             Killed from afar by Azrael (59 damage)
             ... with damnation
             ... on level 15 of the Dungeon.
             The game lasted 00:18:21 (27535 turns).

qw the Severer (Gargoyle Fighter)                  Turns: 27535, Time: 00:18:22

Health: -3/104     AC: 42    Str: 32    XL:     16   Next: 39%
Magic:  4/23       EV: 15    Int: 11    God:    Okawaru [****..]
Gold:   2188       SH: 13    Dex:  9    Spells: 15/15 levels left

rFire   . . .        e - +2 war axe (vamp)
rCold   . . .        y - +0 kite shield
rNeg    + . .        s - +2 plate armour
rPois   inf          a - +0 helmet
rElec   +            D - +0 cloak
rCorr   .            b - +1 pair of gloves {infuse}
SInv    .            k - +2 pair of boots
Will    +....        u - amulet of the acrobat Stlth
                     t - +5 ring of evasion
HPRegen 0.37/turn    r - +6 ring of strength
MPRegen 0.18/turn

%: acrobat, infuse magic (1 MP)
@: heroic, flying
A: sickness immunity, AC +12, big wings, negative energy resistance 1,
electricity resistance, torment resistance 1, petrification resistance
a: Renounce Religion, Heroism, Finesse


You were on level 15 of the Dungeon.
You worshipped Okawaru.
Okawaru was greatly pleased with you.
You visited 2 branches of the dungeon, and saw 20 of its levels.
You also visited: Gauntlet.

You collected 2188 gold pieces.


Innate Abilities, Weirdness & Mutations

You are immune to sickness and miasma.
Your stone body is resilient. (AC +12)
You are immune to poison.
Your large and strong wings let you fly.
You resist negative energy. (rN+)
You are resistant to electric shocks. (rElec)
You are resistant to unholy torment.
You are immune to petrification.


   Skills:
 + Level 13.0(18.0) Fighting
 - Level 16.0(21.0) Axes
 - Level 7.0(12.0) Throwing
 - Level 13.0(18.0) Armour
 - Level 3.0(8.0) Dodging
 - Level 13.5(18.5) Shields
 - Level 10.0 Invocations


You had 15 spell levels left.
You didn't know any spells.
Your spell library was empty.

Inventory:

Hand Weapons
 e - a +2 vampiric war axe (weapon)
 A - the +5 flail of Bread {freeze, rPois Int-5 SInv}
   (You found it on level 5 of the Lair of Beasts)

   Int:       It affects your intelligence (-5).
   rPois:     It protects you from poison.
   SInv:      It lets you see invisible.
 F - a +2 heavy broad axe
Missiles
 v - 5 boomerangs
 G - 6 javelins
 H - a silver javelin (quivered)
Armour
 a - a +0 helmet (worn)
 b - a +1 pair of gloves of infusion (worn)
 k - a +2 pair of boots (worn)
 s - a +2 plate armour (worn)
 y - a +0 kite shield (worn)
 z - +0 acid dragon scales
 B - the +3 hat of Pondering {ponderous, Will+ MP+10 Int+5}
   (You took it off Gastronok on level 12 of the Dungeon)

   Int:       It affects your intelligence (+5).
   MP:        It affects your magic capacity (+10).
   Will:      It increases your willpower.
 D - a +0 cloak (worn)
Jewellery
 f - a ring of fire
 j - a ring of resist corrosion
 r - a +6 ring of strength (right hand)
 t - a +5 ring of evasion (left hand)
 u - an amulet of the acrobat (around neck)
 E - the amulet of Vehumet's Inspiration {Fragile Regen+ rCorr MP-9 SInv}
   (You found it in a Gauntlet)

   [amulet of regeneration]

   MP:        It affects your magic capacity (-9).
   SInv:      It lets you see invisible.
   Regen:     It increases your rate of health regeneration.
   rCorr:     It protects you from acid and corrosion.
   Fragile:   It will be destroyed if unequipped.
Wands
 c - a wand of digging (15)
Scrolls
 l - 11 scrolls of teleportation
 p - 16 scrolls of identify
 x - a scroll of brand weapon
 I - a scroll of butterflies {unknown}
Potions
 d - 5 potions of might
 g - 6 potions of curing
 h - a potion of mutation
 i - a potion of heal wounds
 m - 4 potions of haste
 n - 6 potions of attraction
 o - a potion of cancellation
 q - 3 potions of lignification
 w - a potion of magic
 C - 4 potions of resistance

Dungeon Overview and Level Annotations

Branches:
Dungeon (15/15)            Temple (0/1) D:6            Lair (5/5) D:11
 Shoals (0/4) Lair:2        Snake (0/4) Lair:2        Slime (0/5) Lair:5
    Orc (0/2) D:11         Vaults (0/5) D:13         Depths (0/4) D:15
Gauntlet (visited)

Altars:
Okawaru
Ru
Sif Muna
Uskayaw
The Shining One
Jiyva

Annotations:
D:10 2 runed translucent doors
D:11 2 transporters, agentgt's ghost, novice CeCK
D:14 2 runed translucent doors
D:15 Azrael
Lair:2 2 transporters
Lair:4 1 runed translucent door, qw's ghost, journeyman GrHu
Lair:5 1 runed translucent door


Message History

The bolt of fire hits the fire elemental.
The fire elemental completely resists.
The bolt of fire misses you.
You barely miss the fire elemental.
The fire elemental is almost destroyed.
The fire elemental hits you.
You slice the fire elemental!!
You destroy the fire elemental!
Okawaru accepts your kill.
You slice the hell hound!!
The hell hound is severely wounded.
The hell hound breathes flames at you. The blast of flame misses you.
You block the hell hound's attack.
You slash the hell hound!
You kill the hell hound!
Okawaru accepts your kill.
You hit the hell hound. The hell hound barely misses you.
You closely miss the hell hound.
The hell hound is moderately wounded.
The hell hound bites you but does no damage.
You slash the hell hound!
The hell hound is almost dead.
Azrael gestures at you.
The bolt of fire hits the hell hound.
The hell hound completely resists.
The bolt of fire hits you!!! You block the hell hound's attack.
You slash the hell hound!
You kill the hell hound!
Okawaru accepts your kill.
You completely miss the fire elemental. The fire elemental hits you.
You slash the fire elemental!
The fire elemental is moderately damaged.
You block the fire elemental's attack.
You slice the fire elemental!!
You destroy the fire elemental!
Okawaru accepts your kill. Azrael gestures at you.
The sphere of damnation explodes!
The damnation engulfs you!!!
Ouch! That really hurt!
You die...

#.........#
+.........+
.........
....... .....
.R0 ######'#
#....%@#
#......#
#..¤¤¤.##
##..¤¤¤..##
......¤...##.#
##...........#
#.####.######
#......#
######)#


You could see Azrael.

Vanquished Creatures
  Gastronok (D:12)
  A sphinx (D:13)
  A fire giant (D:13)
  A dire elephant (D:15)
  A minotaur (Gauntlet)
  Nessos (D:12)
  An ettin (D:13)
  Josephine (D:11)
  A yaktaur captain (D:12)
  8 vault guards (D:13)
  9 hydras
  5 centaur warriors
  3 catoblepae
  A death knight (D:15)
  5 boulder beetles
  5 two-headed ogres
  A deep troll earth mage (D:13)
  2 tengu warriors
  A soul eater (D:15)
  3 skysharks
  2 sun demons (D:15)
  A skeletal warrior (D:15)
  A phantasmal warrior (D:14)
  An orc knight (D:13)
  2 wizards
  2 lindwurms (Lair:5)
  A deep elf zephyrmancer (D:13)
  6 cyclopes
  A deep elf pyromancer (D:14)
  A salamander (D:15)
  13 elephants
  3 manticores
  6 ugly things
  6 black mambas
  Maurice (D:12)
  A guardian serpent (shapeshifter) (D:12)
  Joseph (D:10)
  5 torpor snails (Lair:5)
  2 smoke demons (D:15)
  An orange demon (D:15)
  A gargoyle (D:10)
  Psyche (D:11)
  2 rime drakes
  2 unseen horrors
  13 cane toads
  A kobold demonologist (D:13)
  2 tengu conjurers (Gauntlet)
  6 komodo dragons
  2 freezing wraiths (D:14)
  An ice devil (D:15)
  12 trolls
  A red devil (D:15)
  A hellwing (D:15)
  11 polar bears
  21 blink frogs
  Grinder (D:3)
  5 tyrant leeches
  6 hornets (Lair:5)
  19 dream sheep
  2 raiju (Lair:5)
  14 slime creatures
  A vampire (D:11)
  10 spriggans (Lair:1)
  4 flying skulls (Gauntlet)
  A shadow (D:13)
  36 yaks
  5 wraiths (D:11)
  5 wyverns
  5 basilisks
  4 fire elementals (D:15)
  4 vampire mosquitoes (D:10)
  Grum (D:10)
  A chaos spawn (D:15)
  4 swamp worms (Gauntlet)
  2 steam dragons
  7 wargs
  2 acid dragons
  3 nagas (Lair:2)
  17 water moccasins
  17 hell hounds
  4 orc warriors
  15 black bears
  3 sky beasts
  3 ogres (D:5)
  37 wolves
  3 boggarts (D:14)
  10 centaurs
  A phantom (D:6)
  A kobold brigand (D:7)
  15 bullfrogs
  A gnoll sergeant (D:9)
  4 scorpions
  9 howler monkeys
  2 electric eels (D:11)
  3 jellies
  7 orc priests
  Jessica (D:2)
  Ijyb (D:3)
  13 orc wizards
  3 iguanas
  5 gnolls (D:9)
  3 adders
  A shadow imp (D:7)
  3 white imps (D:7)
  2 worms
  4 dart slugs
  57 orcs
  6 endoplasms
  2 giant cockroaches (D:1)
  6 goblins
  4 hobgoblins
  3 jackals (D:5)
  2 quokkas
  4 ball pythons
  7 bats
  A frilled lizard (D:2)
  10 kobolds
  3 rats
621 creatures vanquished.

Notes
Turn   | Place    | Note
-------+----------+-------------------------------------------
     0 | D:1      | qw the Gargoyle Fighter began the quest for the Orb.
     0 | D:1      | Reached XP level 1. HP: 14/14 MP: 1/1
     0 | D:1      | 0 ||| qw: Version: 0.2-a-29-g1fa15c8
     0 | D:1      | 0 ||| qw: Game counter: 5029
     0 | D:1      | 0 ||| qw: Always use a shield: true
     0 | D:1      | 0 ||| qw: God list: Okawaru
     0 | D:1      | 0 ||| qw: Allow faded altars: false
     0 | D:1      | 0 ||| qw: Do Orc after D:15 true
     0 | D:1      | 0 ||| qw: Do second Lair branch before Depths: true
     0 | D:1      | 0 ||| qw: Lair rune preference: random
     0 | D:1      | 0 ||| qw: Plans: Normal, Zot:1-4, Slime:5, God:TSO, Crypt,
                  | Tomb, Abyss, Pan, Hells, Win
     0 | D:1      | 0 ||| PLANNING D:1-11
     2 | D:1      | 2 ||| UPGRADING to +0 vampiric war axe.
    70 | D:1      | Reached skill level 2 in Axes
   201 | D:1      | Reached XP level 2. HP: 19/19 MP: 2/2
   423 | D:1      | 423 ||| FLEEEEING.
   424 | D:1      | 424 ||| FLEEEEING.
   497 | D:1      | 497 ||| Stepping ~*~*~tactically~*~*~ (hiding).
   556 | D:1      | 556 ||| Stepping ~*~*~tactically~*~*~ (hiding).
   561 | D:1      | Reached skill level 3 in Axes
   561 | D:1      | 561 ||| Stepping ~*~*~tactically~*~*~ (stealth).
   567 | D:1      | 567 ||| Stepping ~*~*~tactically~*~*~ (stealth).
   586 | D:1      | Reached XP level 3. HP: 23/23 MP: 3/3
   731 | D:1      | 731 ||| READING scroll labelled VERIEJ MAPSESK.
   732 | D:1      | 732 ||| READING scroll labelled BUBABOITWY.
   733 | D:1      | 733 ||| READING scroll labelled OBLIUSMUISU.
   775 | D:2      | Noticed Jessica
   780 | D:2      | 780 ||| Stepping ~*~*~tactically~*~*~ (hiding).
   786 | D:2      | Killed Jessica
   925 | D:2      | 925 ||| Stepping ~*~*~tactically~*~*~ (hiding).
  1033 | D:2      | 1033 ||| Stepping ~*~*~tactically~*~*~ (hiding).
  1040 | D:2      | Reached XP level 4. HP: 28/28 MP: 4/4
  1302 | D:2      | HP: 7/28 [orc/+0 short sword (3)]
  1304 | D:2      | Reached skill level 4 in Axes
  1767 | D:2      | 1767 ||| READING scroll labelled WOQAER TIAZUSS.
  1868 | D:2      | 1868 ||| READING scroll labelled ZEPAEM NASHRELY.
  1869 | D:2      | 1869 ||| READING scroll labelled IMIWKO CUUGOERCH.
  1925 | D:3      | 1925 ||| STAIRDANCE
  1930 | D:2      | Reached XP level 5. HP: 32/32 MP: 5/5
  1932 | D:2      | 1932 ||| DROPPING +0 whip.
  1987 | D:3      | Noticed Ijyb
  1987 | D:3      | Noticed Grinder
  1995 | D:3      | Paralysed by Grinder for 3 turns
  2028 | D:3      | HP: 6/32 [Grinder (8)]
  2030 | D:3      | Killed Ijyb
  2033 | D:3      | Killed Grinder
  2034 | D:3      | Reached skill level 6 in Axes
  2034 | D:3      | Reached XP level 6. HP: 3/37 MP: 6/6
  2273 | D:3      | Found an iron altar of Okawaru.
  2275 | D:3      | 2275 ||| PLANNING OKAWARU WORSHIP
  2275 | D:3      | 2275 ||| DROPPING +0 mace.
  2279 | D:3      | Became a worshipper of Warmaster Okawaru
  2280 | D:3      | 2280 ||| PLANNING D:1-11
  2691 | D:3      | 2691 ||| UPGRADING to +0 pair of boots.
  2696 | D:3      | 2696 ||| UPGRADING to +0 chain mail.
  2706 | D:3      | 2706 ||| DROPPING +0 scale mail.
  2707 | D:3      | 2707 ||| UPGRADING to ring of resist corrosion.
  2828 | D:4      | You fall into a shaft and drop 3 floors!
  2841 | D:7      | Reached skill level 1 in Dodging
  2841 | D:7      | Reached XP level 7. HP: 43/43 MP: 7/7
  3121 | D:7      | 3121 ||| Stepping ~*~*~tactically~*~*~ (hiding).
  3122 | D:7      | 3122 ||| Stepping ~*~*~tactically~*~*~ (hiding).
  3123 | D:7      | 3123 ||| Stepping ~*~*~tactically~*~*~ (hiding).
  3124 | D:7      | 3124 ||| Stepping ~*~*~tactically~*~*~ (hiding).
  3144 | D:7      | Reached * piety under Okawaru
  3145 | D:7      | Reached skill level 1 in Throwing
  3165 | D:7      | 3165 ||| INVOKING Heroism.
  3176 | D:7      | HP: 9/43 [orc priest/divine providence (15)]
  3176 | D:7      | HP: 2/43 [orc warrior/+0 trident (7)]
  3178 | D:7      | Reached skill level 7 in Axes
  3178 | D:7      | 3178 ||| INVOKING Heroism.
  3181 | D:7      | HP: 1/43 [orc/+0 trident (6)]
  3189 | D:7      | Reached XP level 8. HP: 16/48 MP: 5/8
  3307 | D:7      | 3307 ||| UPGRADING to +0 plate armour.
  3317 | D:7      | 3317 ||| DROPPING +0 chain mail.
  3318 | D:7      | 3318 ||| UPGRADING to +6 ring of strength.
  3319 | D:7      | 3319 ||| READING 2 scrolls labelled QARAORR USIA.
  3323 | D:7      | 3323 ||| READING scroll labelled QITSUD IMOFEMOLER.
  3324 | D:7      | 3324 ||| READING scroll labelled OCUUNW OFIRUM.
  3325 | D:7      | 3325 ||| Stepping randomly (stuck).
  3326 | D:7      | 3326 ||| Stepping randomly (stuck).
  3327 | D:7      | 3327 ||| Stepping randomly (stuck).
  3328 | D:7      | 3328 ||| Stepping randomly (stuck).
  3329 | D:7      | 3329 ||| Stepping randomly (stuck).
  3330 | D:7      | 3330 ||| Stepping randomly (stuck).
  3331 | D:7      | 3331 ||| Stepping randomly (stuck).
  3332 | D:7      | 3332 ||| Stepping randomly (stuck).
  3333 | D:7      | 3333 ||| Stepping randomly (stuck).
  3334 | D:7      | 3334 ||| Stepping randomly (stuck).
  3335 | D:7      | 3335 ||| Stepping randomly (stuck).
  3336 | D:7      | 3336 ||| Stepping randomly (stuck).
  3337 | D:7      | 3337 ||| Stepping randomly (stuck).
  3338 | D:7      | 3338 ||| Stepping randomly (stuck).
  3339 | D:7      | 3339 ||| Stepping randomly (stuck).
  3340 | D:7      | 3340 ||| Stepping randomly (stuck).
  3341 | D:7      | 3341 ||| Stepping randomly (stuck).
  3342 | D:7      | 3342 ||| Stepping randomly (stuck).
  3343 | D:7      | 3343 ||| Stepping randomly (stuck).
  3344 | D:7      | 3344 ||| Stepping randomly (stuck).
  3345 | D:7      | 3345 ||| Stepping randomly (stuck).
  3346 | D:7      | 3346 ||| Stepping randomly (stuck).
  3347 | D:7      | 3347 ||| Stepping randomly (stuck).
  3348 | D:7      | 3348 ||| Stepping randomly (stuck).
  3349 | D:7      | 3349 ||| Stepping randomly (stuck).
  3350 | D:7      | 3350 ||| Stepping randomly (stuck).
  3351 | D:7      | 3351 ||| Stepping randomly (stuck).
  3352 | D:7      | 3352 ||| Stepping randomly (stuck).
  3353 | D:7      | 3353 ||| Stepping randomly (stuck).
  3354 | D:7      | 3354 ||| Stepping randomly (stuck).
  3355 | D:7      | 3355 ||| Stepping randomly (stuck).
  3356 | D:7      | 3356 ||| Stepping randomly (stuck).
  3357 | D:7      | 3357 ||| Stepping randomly (stuck).
  3358 | D:7      | 3358 ||| Stepping randomly (stuck).
  3359 | D:7      | 3359 ||| Stepping randomly (stuck).
  3360 | D:7      | 3360 ||| Stepping randomly (stuck).
  3361 | D:7      | 3361 ||| Stepping randomly (stuck).
  3362 | D:7      | 3362 ||| Stepping randomly (stuck).
  3363 | D:7      | 3363 ||| Stepping randomly (stuck).
  3364 | D:7      | 3364 ||| Stepping randomly (stuck).
  3365 | D:7      | 3365 ||| Stepping randomly (stuck).
  3366 | D:7      | 3366 ||| Stepping randomly (stuck).
  3367 | D:7      | 3367 ||| Stepping randomly (stuck).
  3368 | D:7      | 3368 ||| Stepping randomly (stuck).
  3369 | D:7      | 3369 ||| Stepping randomly (stuck).
  3370 | D:7      | 3370 ||| Stepping randomly (stuck).
  3371 | D:7      | 3371 ||| Stepping randomly (stuck).
  3372 | D:7      | 3372 ||| Stepping randomly (stuck).
  3373 | D:7      | 3373 ||| Stepping randomly (stuck).
  3374 | D:7      | 3374 ||| Stepping randomly (stuck).
  3375 | D:7      | 3375 ||| Stepping randomly (stuck).
  3376 | D:7      | 3376 ||| READING scroll of teleportation.
  3425 | D:6      | 3425 ||| INVOKING Heroism.
  3426 | D:6      | 3426 ||| INVOKING Heroism.
  3498 | D:6      | 3498 ||| INVOKING Heroism.
  3502 | D:6      | Reached skill level 1 in Invocations
  3666 | D:6      | 3666 ||| INVOKING Heroism.
  3707 | D:6      | Found a staircase to the Ecumenical Temple.
  3717 | D:6      | Reached skill level 8 in Axes
  3799 | D:6      | 3799 ||| READING scroll labelled LOUHAS JOFA.
  3807 | D:5      | Entered Level 5 of the Dungeon
  3853 | D:5      | 3853 ||| Stepping ~*~*~tactically~*~*~ (stealth).
  3855 | D:5      | 3855 ||| INVOKING Heroism.
  3861 | D:5      | Reached skill level 3 in Invocations
  3920 | D:5      | 3920 ||| DRINKING 2 glowing white potions.
  3921 | D:5      | 3921 ||| DROPPING potion of enlightenment.
  4005 | D:4      | Found a sacrificial altar of Ru.
  4487 | D:4      | 4487 ||| DRINKING 2 viscous silvery potions.
  4488 | D:4      | 4488 ||| READING 4 scrolls of identify.
  4488 | D:4      | 4488 ||| IDENTIFYING viscous golden potion
  4489 | D:4      | 4489 ||| READING 3 scrolls of identify.
  4489 | D:4      | 4489 ||| IDENTIFYING emerald potion
  4490 | D:4      | 4490 ||| READING 2 scrolls of identify.
  4490 | D:4      | 4490 ||| IDENTIFYING smoky grey potion
  4491 | D:4      | 4491 ||| DROPPING potion of degeneration.
  4514 | D:5      | 4514 ||| INVOKING Heroism.
  4523 | D:5      | Reached skill level 6 in Fighting
  4533 | D:5      | 4533 ||| DROPPING +0 flail.
  4541 | D:5      | 4541 ||| Stepping ~*~*~tactically~*~*~ (stealth).
  4545 | D:5      | 4545 ||| Stepping ~*~*~tactically~*~*~ (stealth).
  4547 | D:5      | 4547 ||| Stepping ~*~*~tactically~*~*~ (hiding).
  4551 | D:5      | 4551 ||| INVOKING Heroism.
  4557 | D:5      | Reached XP level 9. HP: 55/55 MP: 8/12
  4561 | D:5      | 4561 ||| Stepping ~*~*~tactically~*~*~ (stealth).
  4571 | D:5      | 4571 ||| Stepping ~*~*~tactically~*~*~ (stealth).
  4583 | D:5      | 4583 ||| Stepping ~*~*~tactically~*~*~ (stealth).
  4585 | D:5      | 4585 ||| Stepping ~*~*~tactically~*~*~ (stealth).
  4601 | D:5      | 4601 ||| INVOKING Heroism.
  4647 | D:5      | 4647 ||| INVOKING Heroism.
  4778 | D:5      | Found a hide-covered altar of Uskayaw.
  4778 | D:5      | Noticed a +0 dagger
  4779 | D:5      | Noticed a +0 dagger
  4888 | D:5      | 4888 ||| INVOKING Heroism.
  4908 | D:5      | Reached skill level 9 in Axes
  5023 | D:5      | 5023 ||| UPGRADING to amulet of the acrobat.
  5028 | D:5      | 5028 ||| READING scroll labelled KEFYSON DOCVAY.
  5263 | D:7      | 5263 ||| Stepping ~*~*~tactically~*~*~ (stealth).
  5264 | D:7      | 5264 ||| Stepping ~*~*~tactically~*~*~ (stealth).
  5266 | D:7      | 5266 ||| Stepping ~*~*~tactically~*~*~ (stealth).
  5267 | D:7      | 5267 ||| Stepping ~*~*~tactically~*~*~ (stealth).
  5328 | D:7      | 5328 ||| Stepping ~*~*~tactically~*~*~ (stealth).
  5823 | D:7      | 5823 ||| INVOKING Heroism.
  5862 | D:7      | 5862 ||| DRINKING 3 fuming grey potions.
  5898 | D:7      | 5898 ||| DRINKING 2 green potions.
  5899 | D:7      | 5899 ||| READING 2 scrolls of identify.
  5899 | D:7      | 5899 ||| IDENTIFYING grey potion
  5900 | D:7      | 5900 ||| DROPPING potion of brilliance.
  5909 | D:8      | 5909 ||| INVOKING Heroism.
  5931 | D:8      | 5931 ||| DROPPING +0 heavy flail.
  5932 | D:8      | 5932 ||| READING scroll of enchant armour.
  5932 | D:8      | 5932 ||| ENCHANTING +0 pair of boots.
  6163 | D:8      | Reached ** piety under Okawaru
  6164 | D:8      | Reached skill level 10 in Axes
  6164 | D:8      | Reached XP level 10. HP: 63/63 MP: 13/13
  6169 | D:8      | Reached skill level 6 in Armour
  6209 | D:8      | 6209 ||| Stepping randomly (disturbance).
  6210 | D:8      | 6210 ||| Stepping randomly (disturbance).
  6211 | D:8      | 6211 ||| Stepping randomly (disturbance).
  6217 | D:8      | 6217 ||| Stepping randomly (disturbance).
  6231 | D:8      | Killed an unseen horror
  6247 | D:8      | 6247 ||| Stepping ~*~*~tactically~*~*~ (hiding).
  6249 | D:8      | 6249 ||| Stepping ~*~*~tactically~*~*~ (hiding).
  6250 | D:8      | 6250 ||| INVOKING Heroism.
  6275 | D:8      | 6275 ||| INVOKING Heroism.
  6351 | D:8      | 6351 ||| Stepping ~*~*~tactically~*~*~ (hiding).
  6354 | D:8      | 6354 ||| INVOKING Heroism.
  6563 | D:8      | Found a shimmering blue altar of Sif Muna.
  6604 | D:8      | 6604 ||| READING scroll of enchant armour.
  6604 | D:8      | 6604 ||| ENCHANTING +1 pair of boots.
  6634 | D:8      | 6634 ||| READING scroll labelled KUOMY KEXKEAPP.
  6635 | D:8      | 6635 ||| READING 3 scrolls of identify.
  6635 | D:8      | 6635 ||| IDENTIFYING ruby potion
  6636 | D:8      | 6636 ||| READING 2 scrolls of identify.
  6636 | D:8      | 6636 ||| IDENTIFYING golden potion
  6850 | D:9      | Noticed a cyclops
  6851 | D:9      | 6851 ||| Stepping ~*~*~tactically~*~*~ (hiding).
  6856 | D:9      | 6856 ||| Stepping ~*~*~tactically~*~*~ (hiding).
  6859 | D:9      | 6859 ||| INVOKING Heroism.
  6866 | D:9      | Killed a cyclops
  6995 | D:9      | Noticed a brown ugly thing
  6996 | D:9      | 6996 ||| Stepping ~*~*~tactically~*~*~ (hiding).
  6997 | D:9      | 6997 ||| Stepping ~*~*~tactically~*~*~ (hiding).
  6998 | D:9      | 6998 ||| Stepping ~*~*~tactically~*~*~ (hiding).
  7012 | D:9      | Killed a brown ugly thing
  7064 | D:9      | Reached *** piety under Okawaru
  7076 | D:9      | Reached skill level 11 in Axes
  7188 | D:9      | Noticed a boulder beetle
  7189 | D:9      | 7189 ||| INVOKING Heroism.
  7201 | D:9      | Killed a boulder beetle
  7302 | D:9      | 7302 ||| Stepping ~*~*~tactically~*~*~ (stealth).
  7314 | D:9      | 7314 ||| INVOKING Heroism.
  7321 | D:9      | Reached XP level 11. HP: 69/69 MP: 11/14
  7340 | D:9      | 7340 ||| Stepping ~*~*~tactically~*~*~ (stealth).
  7342 | D:9      | 7342 ||| Stepping ~*~*~tactically~*~*~ (stealth).
  7344 | D:9      | 7344 ||| Stepping ~*~*~tactically~*~*~ (stealth).
  7363 | D:9      | Reached skill level 9 in Fighting
  7382 | D:9      | 7382 ||| READING scroll of enchant armour.
  7382 | D:9      | 7382 ||| ENCHANTING +0 plate armour.
  7501 | D:9      | 7501 ||| Stepping ~*~*~tactically~*~*~ (stealth).
  7663 | D:9      | Found a glowing golden altar of the Shining One.
  7709 | D:9      | 7709 ||| UPGRADING to +0 kite shield.
  7719 | D:9      | 7719 ||| DROPPING +0 buckler.
  7720 | D:9      | 7720 ||| DROPPING ring of positive energy.
  7721 | D:9      | 7721 ||| UPGRADING to +5 ring of evasion.
  7723 | D:9      | 7723 ||| READING scroll labelled ELAEGIZ JUBO.
  7723 | D:9      | Identified a scroll of acquirement
  7723 | D:9      | 7723 ||| ACQUIRING 531 gold pieces
  7723 | D:9      | Acquired 531 gold pieces
  7725 | D:9      | 7725 ||| READING 2 scrolls labelled ICOREL VUEFE.
  7726 | D:9      | 7726 ||| READING scroll labelled OLOAPO XURIT.
  7727 | D:9      | 7727 ||| READING 4 scrolls of identify.
  7727 | D:9      | 7727 ||| IDENTIFYING coppery potion
  7728 | D:9      | 7728 ||| DROPPING scroll of fog.
  7759 | D:10     | Entered Level 10 of the Dungeon
  7775 | D:10     | 7775 ||| READING scroll of enchant weapon.
  7775 | D:10     | 7775 ||| ENCHANTING +0 vampiric war axe.
  7790 | D:10     | Noticed Grum
  7791 | D:10     | 7791 ||| Stepping ~*~*~tactically~*~*~ (stealth).
  7799 | D:10     | 7799 ||| INVOKING Heroism.
  7813 | D:10     | Reached skill level 6 in Shields
  7816 | D:10     | Killed Grum
  7848 | D:10     | 7848 ||| Stepping ~*~*~tactically~*~*~ (stealth).
  7849 | D:10     | 7849 ||| Stepping ~*~*~tactically~*~*~ (stealth).
  7850 | D:10     | 7850 ||| INVOKING Heroism.
  7854 | D:10     | 7854 ||| Stepping ~*~*~tactically~*~*~ (hiding).
  7855 | D:10     | 7855 ||| Stepping ~*~*~tactically~*~*~ (hiding).
  7878 | D:10     | Reached **** piety under Okawaru
  7886 | D:10     | Noticed a two-headed ogre
  7887 | D:10     | 7887 ||| FLEEEEING.
  7888 | D:10     | 7888 ||| FLEEEEING.
  7889 | D:10     | 7889 ||| FLEEEEING.
  7892 | D:10     | Noticed Joseph
  7899 | D:10     | 7899 ||| INVOKING Heroism.
  7909 | D:10     | Killed Joseph
  7941 | D:10     | 7941 ||| Stepping ~*~*~tactically~*~*~ (stealth).
  7943 | D:10     | 7943 ||| INVOKING Heroism.
  7944 | D:10     | 7944 ||| Stepping ~*~*~tactically~*~*~ (stealth).
  7945 | D:10     | 7945 ||| Stepping ~*~*~tactically~*~*~ (stealth).
  7953 | D:10     | Killed a two-headed ogre
  8010 | D:10     | 8010 ||| Stepping ~*~*~tactically~*~*~ (stealth).
  8053 | D:10     | 8053 ||| Stepping ~*~*~tactically~*~*~ (stealth).
  8055 | D:10     | 8055 ||| Stepping ~*~*~tactically~*~*~ (hiding).
  8178 | D:10     | Found a large runed translucent door.
  8184 | D:10     | Found a large runed translucent door.
  8354 | D:10     | 8354 ||| DROPPING amulet of magic regeneration.
  8364 | D:11     | 8364 ||| INVOKING Heroism.
  8382 | D:11     | 8382 ||| READING scroll of enchant armour.
  8382 | D:11     | 8382 ||| ENCHANTING +1 plate armour.
  8389 | D:11     | 8389 ||| INVOKING Heroism.
  8441 | D:11     | 8441 ||| Stepping ~*~*~tactically~*~*~ (stealth).
  8506 | D:11     | Noticed a two-headed ogre
  8507 | D:11     | 8507 ||| INVOKING Heroism.
  8517 | D:11     | Killed a two-headed ogre
  8518 | D:11     | Reached skill level 6 in Invocations
  8520 | D:11     | Noticed Psyche
  8530 | D:11     | 8530 ||| INVOKING Heroism.
  8533 | D:11     | Killed Psyche
  8619 | D:11     | Noticed a two-headed ogre
  8620 | D:11     | 8620 ||| INVOKING Heroism.
  8626 | D:11     | Killed a two-headed ogre
  8661 | D:11     | Found a staircase to the Orcish Mines.
  8685 | D:11     | Received a gift from Okawaru
  8686 | D:11     | Reached skill level 9 in Shields
  8725 | D:11     | Found a staircase to the Lair.
  8725 | D:11     | Noticed a boulder beetle
  8726 | D:11     | 8726 ||| INVOKING Heroism.
  8728 | D:11     | Noticed Josephine
  8734 | D:11     | Reached XP level 12. HP: 71/76 MP: 15/17
  8744 | D:11     | Killed Josephine
  8766 | D:11     | 8766 ||| INVOKING Heroism.
  8768 | D:11     | Killed a boulder beetle
  9005 | D:11     | Noticed an ettin
  9006 | D:11     | Noticed agentgt's ghost (novice CeCK)
  9007 | D:11     | Found a transporter.
  9019 | D:11     | 9019 ||| INVOKING Heroism.
  9030 | D:11     | 9030 ||| Stepping randomly (disturbance).
  9031 | D:11     | 9031 ||| Stepping randomly (disturbance).
  9033 | D:11     | 9033 ||| Stepping randomly (disturbance).
  9094 | D:11     | Found a transporter.
  9152 | D:11     | Noticed a two-headed ogre
  9165 | D:11     | Killed a two-headed ogre
  9210 | D:11     | Reached skill level 9 in Invocations
  9224 | D:11     | Reached ***** piety under Okawaru
  9232 | D:11     | Received a gift from Okawaru
  9584 | D:11     | 9584 ||| PLANNING LAIR
  9584 | D:11     | 9584 ||| DROPPING ring of flight.
  9585 | D:11     | 9585 ||| READING scroll labelled QISTEOS ZOEJE.
  9634 | D:11     | 9634 ||| READING 6 scrolls of identify.
  9634 | D:11     | 9634 ||| IDENTIFYING metallic cyan potion
  9661 | Lair:1   | Entered Level 1 of the Lair of Beasts
 10015 | Lair:1   | 10015 ||| FLEEEEING.
 10016 | Lair:1   | 10016 ||| FLEEEEING.
 10021 | Lair:1   | 10021 ||| FLEEEEING.
 10022 | Lair:1   | 10022 ||| FLEEEEING.
 10023 | Lair:1   | 10023 ||| FLEEEEING.
 10025 | Lair:1   | 10025 ||| FLEEEEING.
 10026 | Lair:1   | 10026 ||| FLEEEEING.
 10027 | Lair:1   | 10027 ||| FLEEEEING.
 10028 | Lair:1   | 10028 ||| FLEEEEING.
 10030 | Lair:1   | 10030 ||| FLEEEEING.
 10031 | Lair:1   | 10031 ||| FLEEEEING.
 10037 | Lair:1   | 10037 ||| FLEEEEING.
 10038 | Lair:1   | 10038 ||| FLEEEEING.
 10039 | Lair:1   | 10039 ||| FLEEEEING.
 10040 | Lair:1   | 10040 ||| FLEEEEING.
 10066 | Lair:1   | Received a gift from Okawaru
 10175 | Lair:1   | 10175 ||| INVOKING Heroism.
 10222 | Lair:1   | Reached skill level 3 in Throwing
 10240 | Lair:1   | Reached skill level 12 in Axes
 10259 | Lair:1   | 10259 ||| INVOKING Heroism.
 10274 | Lair:1   | Received a gift from Okawaru
 10300 | Lair:1   | 10300 ||| INVOKING Heroism.
 10326 | Lair:1   | Noticed a boulder beetle
 10327 | Lair:1   | 10327 ||| INVOKING Finesse.
 10355 | Lair:1   | Killed a boulder beetle
 10356 | Lair:1   | Reached XP level 13. HP: 80/80 MP: 16/20
 10384 | Lair:1   | 10384 ||| Stepping ~*~*~tactically~*~*~ (stealth).
 10888 | Lair:2   | 10888 ||| READING scroll of enchant weapon.
 10888 | Lair:2   | 10888 ||| ENCHANTING +1 vampiric war axe.
 10949 | Lair:2   | 10949 ||| INVOKING Heroism.
 10953 | Lair:2   | 10953 ||| Stepping ~*~*~tactically~*~*~ (stealth).
 10954 | Lair:2   | 10954 ||| Stepping ~*~*~tactically~*~*~ (stealth).
 10969 | Lair:2   | Received a gift from Okawaru
 11023 | Lair:2   | 11023 ||| INVOKING Heroism.
 11057 | Lair:2   | 11057 ||| INVOKING Finesse.
 11063 | Lair:2   | 11063 ||| INVOKING Heroism.
 11064 | Lair:2   | 11064 ||| SWAPPING to +4 flail.
 11105 | Lair:2   | 11105 ||| UPGRADING to +0 war axe.
 11106 | Lair:2   | 11106 ||| UPGRADING to +2 vampiric war axe.
 11160 | Lair:2   | Found a staircase to the Shoals.
 11179 | Lair:2   | 11179 ||| Stepping ~*~*~tactically~*~*~ (hiding).
 11310 | Lair:2   | Found a transporter.
 11343 | Lair:2   | 11343 ||| INVOKING Heroism.
 11348 | Lair:2   | 11348 ||| SWAPPING to +4 flail.
 11357 | Lair:2   | Reached skill level 13 in Axes
 11397 | Lair:2   | 11397 ||| UPGRADING to +0 war axe.
 11398 | Lair:2   | 11398 ||| UPGRADING to +2 vampiric war axe.
 11496 | Lair:2   | Found a transporter.
 11528 | Lair:2   | 11528 ||| Stepping ~*~*~tactically~*~*~ (hiding).
 11529 | Lair:2   | 11529 ||| Stepping ~*~*~tactically~*~*~ (hiding).
 11532 | Lair:2   | Found a staircase to the Snake Pit.
 11588 | Lair:2   | 11588 ||| Stepping ~*~*~tactically~*~*~ (stealth).
 11670 | Lair:2   | 11670 ||| Stepping ~*~*~tactically~*~*~ (hiding).
 11672 | Lair:2   | 11672 ||| Stepping ~*~*~tactically~*~*~ (hiding).
 11674 | Lair:2   | 11674 ||| INVOKING Heroism.
 11926 | Lair:2   | 11926 ||| UPGRADING to +1 pair of gloves of infusion.
 12042 | Lair:3   | 12042 ||| INVOKING Heroism.
 12283 | Lair:3   | Reached skill level 9 in Armour
 12470 | Lair:3   | 12470 ||| Stepping ~*~*~tactically~*~*~ (stealth).
 12552 | Lair:3   | 12552 ||| Stepping ~*~*~tactically~*~*~ (stealth).
 12553 | Lair:3   | 12553 ||| Stepping ~*~*~tactically~*~*~ (stealth).
 12711 | Lair:3   | 12711 ||| Stepping ~*~*~tactically~*~*~ (stealth).
 12718 | Lair:3   | 12718 ||| INVOKING Heroism.
 12719 | Lair:3   | 12719 ||| Stepping ~*~*~tactically~*~*~ (hiding).
 13278 | Lair:4   | 13278 ||| INVOKING Heroism.
 13300 | Lair:4   | 13300 ||| SWAPPING to +4 flail.
 13315 | Lair:4   | HP: 18/82 [seven-headed hydra (12)]
 13316 | Lair:4   | 13316 ||| READING 9 scrolls of teleportation.
 13316 | Lair:4   | HP: 8/82 [seven-headed hydra (1)]
 13317 | Lair:4   | 13317 ||| DRINKING 2 potions of heal wounds.
 13326 | Lair:4   | 13326 ||| Stepping ~*~*~tactically~*~*~ (stealth).
 13327 | Lair:4   | 13327 ||| Stepping ~*~*~tactically~*~*~ (stealth).
 13335 | Lair:4   | Received a gift from Okawaru
 13346 | Lair:4   | 13346 ||| INVOKING Heroism.
 13513 | Lair:4   | 13513 ||| UPGRADING to +0 war axe.
 13514 | Lair:4   | 13514 ||| UPGRADING to +2 vampiric war axe.
 13534 | Lair:4   | 13534 ||| INVOKING Heroism.
 13539 | Lair:4   | 13539 ||| SWAPPING to +4 flail.
 13547 | Lair:4   | Reached skill level 14 in Axes
 13589 | Lair:4   | 13589 ||| UPGRADING to +0 war axe.
 13590 | Lair:4   | 13590 ||| UPGRADING to +2 vampiric war axe.
 13602 | Lair:4   | 13602 ||| INVOKING Heroism.
 13673 | Lair:4   | 13673 ||| INVOKING Heroism.
 13892 | Lair:4   | Gained mutation: Your large and strong wings let you fly.
                  | [Gargoyle growth]
 13892 | Lair:4   | Reached XP level 14. HP: 88/88 MP: 17/21
 13955 | Lair:4   | Found a runed translucent door.
 13955 | Lair:4   | Noticed qw's ghost (journeyman GrHu)
 14545 | Lair:4   | You are sucked into a shaft and drop 1 floor!
 14545 | Lair:5   | Entered Level 5 of the Lair of Beasts
 14681 | Lair:5   | 14681 ||| INVOKING Heroism.
 14693 | Lair:5   | 14693 ||| SWAPPING to +4 flail.
 14706 | Lair:5   | HP: 19/90 [eight-headed hydra (11)]
 14707 | Lair:5   | 14707 ||| READING 8 scrolls of teleportation.
 14708 | Lair:5   | 14708 ||| DRINKING potion of heal wounds.
 14867 | Lair:5   | 14867 ||| UPGRADING to +0 war axe.
 14868 | Lair:5   | 14868 ||| UPGRADING to +2 vampiric war axe.
 14930 | Lair:5   | 14930 ||| Stepping ~*~*~tactically~*~*~ (stealth).
 14937 | Lair:5   | 14937 ||| Stepping ~*~*~tactically~*~*~ (stealth).
 14945 | Lair:5   | 14945 ||| Stepping ~*~*~tactically~*~*~ (stealth).
 15003 | Lair:5   | Found a staircase to the Slime Pits.
 15023 | Lair:5   | Reached skill level 12 in Shields
 15224 | Lair:5   | Received a gift from Okawaru
 15366 | Lair:4   | 15366 ||| INVOKING Heroism.
 16531 | Lair:4   | 16531 ||| Stepping randomly (stuck).
 16627 | Lair:5   | 16627 ||| Stepping ~*~*~tactically~*~*~ (stealth).
 16629 | Lair:5   | 16629 ||| INVOKING Heroism.
 16634 | Lair:5   | 16634 ||| SWAPPING to +4 flail.
 16703 | Lair:5   | 16703 ||| UPGRADING to +0 war axe.
 16704 | Lair:5   | 16704 ||| UPGRADING to +2 vampiric war axe.
 16718 | Lair:5   | 16718 ||| Stepping ~*~*~tactically~*~*~ (stealth).
 16721 | Lair:5   | 16721 ||| Stepping ~*~*~tactically~*~*~ (stealth).
 16723 | Lair:5   | 16723 ||| Stepping ~*~*~tactically~*~*~ (stealth).
 16724 | Lair:5   | 16724 ||| Stepping ~*~*~tactically~*~*~ (stealth).
 16740 | Lair:5   | 16740 ||| Stepping ~*~*~tactically~*~*~ (stealth).
 16742 | Lair:5   | 16742 ||| Stepping ~*~*~tactically~*~*~ (stealth).
 16755 | Lair:5   | 16755 ||| INVOKING Heroism.
 16766 | Lair:5   | 16766 ||| Stepping ~*~*~tactically~*~*~ (stealth).
 16767 | Lair:5   | 16767 ||| Stepping ~*~*~tactically~*~*~ (stealth).
 16768 | Lair:5   | 16768 ||| Stepping ~*~*~tactically~*~*~ (stealth).
 16769 | Lair:5   | 16769 ||| Stepping ~*~*~tactically~*~*~ (stealth).
 16834 | Lair:5   | 16834 ||| FLEEEEING.
 16835 | Lair:5   | 16835 ||| FLEEEEING.
 16836 | Lair:5   | 16836 ||| FLEEEEING.
 16838 | Lair:5   | 16838 ||| FLEEEEING.
 16839 | Lair:5   | 16839 ||| FLEEEEING.
 16840 | Lair:5   | 16840 ||| FLEEEEING.
 16841 | Lair:5   | 16841 ||| INVOKING Heroism.
 16919 | Lair:5   | 16919 ||| Stepping ~*~*~tactically~*~*~ (stealth).
 17087 | Lair:5   | 17087 ||| Stepping ~*~*~tactically~*~*~ (stealth).
 17121 | Lair:5   | 17121 ||| Stepping ~*~*~tactically~*~*~ (stealth).
 17123 | Lair:5   | 17123 ||| Stepping ~*~*~tactically~*~*~ (hiding).
 17132 | Lair:5   | 17132 ||| Stepping ~*~*~tactically~*~*~ (stealth).
 17357 | Lair:5   | 17357 ||| INVOKING Heroism.
 17361 | Lair:5   | Reached skill level 15 in Axes
 17378 | Lair:5   | 17378 ||| Stepping ~*~*~tactically~*~*~ (stealth).
 17379 | Lair:5   | 17379 ||| Stepping ~*~*~tactically~*~*~ (stealth).
 17380 | Lair:5   | 17380 ||| Stepping ~*~*~tactically~*~*~ (stealth).
 17381 | Lair:5   | 17381 ||| Stepping ~*~*~tactically~*~*~ (stealth).
 17382 | Lair:5   | 17382 ||| Stepping ~*~*~tactically~*~*~ (stealth).
 17383 | Lair:5   | 17383 ||| Stepping ~*~*~tactically~*~*~ (stealth).
 17385 | Lair:5   | 17385 ||| Stepping ~*~*~tactically~*~*~ (stealth).
 17386 | Lair:5   | 17386 ||| Stepping ~*~*~tactically~*~*~ (stealth).
 17387 | Lair:5   | 17387 ||| Stepping ~*~*~tactically~*~*~ (stealth).
 17388 | Lair:5   | 17388 ||| Stepping ~*~*~tactically~*~*~ (stealth).
 17405 | Lair:5   | 17405 ||| Stepping ~*~*~tactically~*~*~ (stealth).
 17464 | Lair:5   | 17464 ||| Stepping ~*~*~tactically~*~*~ (stealth).
 17578 | Lair:5   | Found a viscous altar of Jiyva.
 17666 | Lair:5   | 17666 ||| Stepping ~*~*~tactically~*~*~ (stealth).
 17683 | Lair:5   | 17683 ||| INVOKING Heroism.
 17724 | Lair:5   | 17724 ||| Stepping ~*~*~tactically~*~*~ (stealth).
 17726 | Lair:5   | 17726 ||| Stepping ~*~*~tactically~*~*~ (stealth).
 17736 | Lair:5   | 17736 ||| INVOKING Heroism.
 17817 | Lair:5   | 17817 ||| Stepping ~*~*~tactically~*~*~ (stealth).
 17818 | Lair:5   | 17818 ||| Stepping ~*~*~tactically~*~*~ (stealth).
 17833 | Lair:5   | 17833 ||| INVOKING Heroism.
 17840 | Lair:5   | 17840 ||| SWAPPING to +4 flail.
 17859 | Lair:5   | 17859 ||| FLEEEEING.
 17861 | Lair:5   | 17861 ||| FLEEEEING.
 17862 | Lair:5   | 17862 ||| FLEEEEING.
 17863 | Lair:5   | 17863 ||| FLEEEEING.
 17864 | Lair:5   | 17864 ||| FLEEEEING.
 17865 | Lair:5   | 17865 ||| FLEEEEING.
 17866 | Lair:5   | 17866 ||| FLEEEEING.
 17997 | Lair:5   | 17997 ||| UPGRADING to +0 war axe.
 17998 | Lair:5   | 17998 ||| UPGRADING to +2 vampiric war axe.
 18007 | Lair:5   | 18007 ||| Stepping ~*~*~tactically~*~*~ (hiding).
 18014 | Lair:5   | 18014 ||| INVOKING Heroism.
 18023 | Lair:5   | Reached skill level 12 in Fighting
 18038 | Lair:5   | 18038 ||| Stepping ~*~*~tactically~*~*~ (stealth).
 18108 | Lair:5   | 18108 ||| Stepping ~*~*~tactically~*~*~ (stealth).
 18110 | Lair:5   | 18110 ||| Stepping ~*~*~tactically~*~*~ (stealth).
 18111 | Lair:5   | 18111 ||| Stepping ~*~*~tactically~*~*~ (stealth).
 18112 | Lair:5   | 18112 ||| INVOKING Heroism.
 18254 | Lair:5   | 18254 ||| Stepping ~*~*~tactically~*~*~ (stealth).
 18257 | Lair:5   | 18257 ||| Stepping ~*~*~tactically~*~*~ (hiding).
 18269 | Lair:5   | 18269 ||| INVOKING Heroism.
 18359 | Lair:5   | 18359 ||| Stepping ~*~*~tactically~*~*~ (stealth).
 18374 | Lair:5   | 18374 ||| Stepping ~*~*~tactically~*~*~ (stealth).
 18422 | Lair:5   | 18422 ||| Stepping ~*~*~tactically~*~*~ (stealth).
 18667 | Lair:5   | 18667 ||| Stepping ~*~*~tactically~*~*~ (stealth).
 18688 | Lair:5   | 18688 ||| Stepping ~*~*~tactically~*~*~ (stealth).
 18697 | Lair:5   | 18697 ||| Stepping ~*~*~tactically~*~*~ (stealth).
 18728 | Lair:5   | 18728 ||| Stepping ~*~*~tactically~*~*~ (stealth).
 18840 | Lair:5   | 18840 ||| Stepping ~*~*~tactically~*~*~ (stealth).
 18846 | Lair:5   | Reached XP level 15. HP: 96/96 MP: 18/22
 19062 | Lair:5   | Identified the +5 flail of Bread {freeze, rPois Int-5 SInv}
 19064 | Lair:5   | 19064 ||| DROPPING +4 flail.
 19120 | Lair:5   | Received a gift from Okawaru
 19124 | Lair:5   | 19124 ||| FLEEEEING.
 19220 | Lair:5   | Reached skill level 3 in Dodging
 19279 | Lair:5   | Found a runed translucent door.
 19529 | Lair:5   | 19529 ||| Stepping ~*~*~tactically~*~*~ (stealth).
 19784 | Lair:5   | 19784 ||| PLANNING D
 19804 | Lair:5   | 19804 ||| PLANNING LAIR
 19826 | Lair:5   | 19826 ||| PLANNING D
 19880 | Lair:5   | 19880 ||| PLANNING LAIR
 19936 | Lair:5   | 19936 ||| PLANNING D
 19959 | Lair:5   | 19959 ||| PLANNING LAIR
 19984 | Lair:5   | 19984 ||| PLANNING D
 20018 | Lair:5   | 20018 ||| PLANNING LAIR
 20054 | Lair:5   | 20054 ||| PLANNING D
 20080 | Lair:5   | 20080 ||| PLANNING LAIR
 20108 | Lair:5   | 20108 ||| PLANNING D
 20145 | Lair:5   | 20145 ||| PLANNING LAIR
 20203 | Lair:5   | 20203 ||| PLANNING D
 20241 | Lair:5   | 20241 ||| PLANNING LAIR
 20281 | Lair:5   | 20281 ||| PLANNING D
 20323 | Lair:5   | 20323 ||| PLANNING LAIR
 20386 | Lair:5   | 20386 ||| PLANNING D
 20442 | Lair:5   | 20442 ||| PLANNING LAIR
 20500 | Lair:5   | 20500 ||| PLANNING D
 20557 | Lair:5   | 20557 ||| PLANNING LAIR
 20616 | Lair:5   | 20616 ||| PLANNING D
 20660 | Lair:5   | 20660 ||| PLANNING LAIR
 20708 | Lair:5   | 20708 ||| PLANNING D
 20752 | Lair:5   | 20752 ||| PLANNING LAIR
 20798 | Lair:5   | 20798 ||| PLANNING D
 20852 | Lair:5   | 20852 ||| PLANNING LAIR
 20908 | Lair:5   | 20908 ||| PLANNING D
 20963 | Lair:5   | 20963 ||| PLANNING LAIR
 21018 | Lair:5   | 21018 ||| Stepping randomly (stuck).
 21019 | Lair:5   | 21019 ||| PLANNING D
 21263 | D:12     | Noticed Gastronok
 21263 | D:12     | Noticed Nessos
 21264 | D:12     | 21264 ||| INVOKING Finesse.
 21265 | D:12     | 21265 ||| INVOKING Finesse.
 21267 | D:12     | 21267 ||| INVOKING Heroism.
 21280 | D:12     | Killed Gastronok
 21313 | D:12     | 21313 ||| INVOKING Heroism.
 21315 | D:12     | 21315 ||| Stepping ~*~*~tactically~*~*~ (hiding).
 21329 | D:12     | Killed Nessos
 21600 | D:12     | 21600 ||| Stepping ~*~*~tactically~*~*~ (hiding).
 21891 | D:12     | Noticed Maurice
 21908 | D:12     | Killed Maurice
 22002 | D:12     | 22002 ||| Stepping ~*~*~tactically~*~*~ (stealth).
 22014 | D:12     | 22014 ||| INVOKING Heroism.
 22240 | D:12     | 22240 ||| UPGRADING to +0 cloak.
 22245 | D:12     | 22245 ||| READING 11 scrolls of identify.
 22245 | D:12     | 22245 ||| IDENTIFYING metallic golden potion
 22246 | D:12     | 22246 ||| DROPPING potion of ambrosia.
 22305 | D:13     | 22305 ||| INVOKING Heroism.
 22312 | D:13     | Reached skill level 6 in Throwing
 22365 | D:13     | 22365 ||| STAIRDANCE
 22591 | D:13     | 22591 ||| Stepping ~*~*~tactically~*~*~ (hiding).
 22602 | D:13     | 22602 ||| INVOKING Heroism.
 22623 | D:13     | Received a gift from Okawaru
 22628 | D:13     | Noticed a fire giant
 22635 | D:13     | Received a gift from Okawaru
 22636 | D:13     | Noticed a sphinx
 22636 | D:13     | Found the +9 sword of Power {lifebolt}
 22645 | D:13     | Reached skill level 16 in Axes
 22656 | D:13     | Killed a fire giant
 22661 | D:13     | Killed a sphinx
 22855 | D:13     | Identified the +1 robe "Eseiwarph" {Dex+2}
 22978 | D:13     | 22978 ||| Stepping ~*~*~tactically~*~*~ (hiding).
 22979 | D:13     | 22979 ||| Stepping ~*~*~tactically~*~*~ (hiding).
 22980 | D:13     | 22980 ||| Stepping ~*~*~tactically~*~*~ (hiding).
 23098 | D:13     | 23098 ||| Stepping ~*~*~tactically~*~*~ (hiding).
 23200 | D:13     | Found a gate to the Vaults.
 23262 | D:13     | 23262 ||| Stepping ~*~*~tactically~*~*~ (stealth).
 23275 | D:13     | 23275 ||| INVOKING Heroism.
 23756 | D:14     | 23756 ||| PLANNING GAUNTLET
 23783 | D:14     | 23783 ||| INVOKING Heroism.
 23784 | D:14     | 23784 ||| INVOKING Finesse.
 23788 | D:14     | 23788 ||| SWAPPING to +5 flail of Bread {freeze, rPois
                  | Int-5 SInv}.
 23811 | D:14     | 23811 ||| UPGRADING to +0 war axe.
 23812 | D:14     | 23812 ||| UPGRADING to +2 vampiric war axe.
 23873 | D:14     | 23873 ||| Stepping ~*~*~tactically~*~*~ (hiding).
 23874 | D:14     | 23874 ||| Stepping ~*~*~tactically~*~*~ (hiding).
 24001 | D:14     | Found a gate leading to a gauntlet.
 24010 | Gauntlet | Entered a Gauntlet
 24010 | Gauntlet | Found a transporter.
 24010 | Gauntlet | Found a transporter.
 24010 | Gauntlet | Found a transporter.
 24022 | Gauntlet | Found a transporter.
 24025 | Gauntlet | Found a transporter.
 24033 | Gauntlet | Found a transporter.
 24036 | Gauntlet | Found a transporter.
 24044 | Gauntlet | Found a transporter.
 24060 | Gauntlet | Found a large runed translucent door.
 24061 | Gauntlet | Found a large runed translucent door.
 24062 | Gauntlet | Found a large runed translucent door.
 24063 | Gauntlet | Found a runed translucent gate.
 24064 | Gauntlet | Found a transporter.
 24064 | Gauntlet | Found a runed translucent gate.
 24065 | Gauntlet | Found a runed translucent gate.
 24066 | Gauntlet | Found a large runed translucent door.
 24067 | Gauntlet | Found a large runed translucent door.
 24068 | Gauntlet | Found a large runed translucent door.
 24077 | Gauntlet | Found a large runed translucent door.
 24078 | Gauntlet | Found a large runed translucent door.
 24078 | Gauntlet | Found a large runed translucent door.
 24078 | Gauntlet | Found a runed translucent door.
 24079 | Gauntlet | Found a large runed translucent door.
 24080 | Gauntlet | Found a large runed translucent door.
 24082 | Gauntlet | Found a transporter.
 24086 | Gauntlet | Found a transporter.
 24096 | Gauntlet | Found a transporter.
 24148 | Gauntlet | Found a large runed translucent door.
 24149 | Gauntlet | Found a large runed translucent door.
 24150 | Gauntlet | Found a large runed translucent door.
 24150 | Gauntlet | Found a large runed translucent door.
 24150 | Gauntlet | Found a runed translucent door.
 24151 | Gauntlet | Found a large runed translucent door.
 24249 | Gauntlet | Identified the amulet of Vehumet's Inspiration {Fragile
                  | Regen+ rCorr MP-9 SInv}
 24284 | Gauntlet | Received a gift from Okawaru
 24394 | Gauntlet | 24394 ||| DROPPING +0 war axe.
 24547 | Gauntlet | 24547 ||| UPGRADING to +0 helmet.
 24552 | Gauntlet | 24552 ||| DROPPING +4 ring of protection.
 24568 | Gauntlet | 24568 ||| INVOKING Heroism.
 24682 | Gauntlet | 24682 ||| READING scroll labelled NIOHUO EHERUM.
 24698 | D:14     | 24698 ||| PLANNING D
 24701 | D:14     | 24701 ||| Stepping ~*~*~tactically~*~*~ (hiding).
 24702 | D:14     | 24702 ||| Stepping ~*~*~tactically~*~*~ (hiding).
 24721 | D:14     | 24721 ||| Stepping ~*~*~tactically~*~*~ (stealth).
 24776 | D:14     | 24776 ||| Stepping ~*~*~tactically~*~*~ (stealth).
 24782 | D:14     | 24782 ||| Stepping ~*~*~tactically~*~*~ (hiding).
 24913 | D:14     | 24913 ||| INVOKING Heroism.
 24914 | D:14     | 24914 ||| INVOKING Finesse.
 24921 | D:14     | 24921 ||| SWAPPING to +5 flail of Bread {freeze, rPois
                  | Int-5 SInv}.
 24923 | D:14     | 24923 ||| UPGRADING to +2 vampiric war axe.
 24994 | D:14     | 24994 ||| Stepping ~*~*~tactically~*~*~ (hiding).
 25026 | D:14     | Found the +2 shield of Resistance {rF++ rC++ Will++}
 25028 | D:14     | Found a runed translucent door.
 25067 | D:14     | Reached skill level 12 in Armour
 25114 | D:14     | Found a runed translucent door.
 25192 | D:14     | Reached XP level 16. HP: 96/101 MP: 17/23
 25278 | D:14     | 25278 ||| INVOKING Heroism.
 25693 | D:15     | Entered Level 15 of the Dungeon
 25705 | D:15     | 25705 ||| STAIRDANCE
 25709 | D:14     | 25709 ||| INVOKING Heroism.
 25877 | D:15     | 25877 ||| Stepping ~*~*~tactically~*~*~ (stealth).
 25878 | D:15     | 25878 ||| INVOKING Heroism.
 25987 | D:15     | 25987 ||| Stepping ~*~*~tactically~*~*~ (hiding).
 25988 | D:15     | 25988 ||| Stepping ~*~*~tactically~*~*~ (hiding).
 26070 | D:15     | 26070 ||| INVOKING Heroism.
 26331 | D:15     | 26331 ||| INVOKING Heroism.
 26334 | D:15     | 26334 ||| SWAPPING to +5 flail of Bread {freeze, rPois
                  | Int-5 SInv}.
 26371 | D:15     | Found a staircase to the Depths.
 26575 | D:15     | 26575 ||| UPGRADING to +2 vampiric war axe.
 26773 | D:15     | 26773 ||| Stepping ~*~*~tactically~*~*~ (stealth).
 26778 | D:15     | 26778 ||| Stepping ~*~*~tactically~*~*~ (stealth).
 26779 | D:15     | 26779 ||| Stepping ~*~*~tactically~*~*~ (stealth).
 26852 | D:15     | 26852 ||| Stepping ~*~*~tactically~*~*~ (stealth).
 26873 | D:15     | 26873 ||| Stepping ~*~*~tactically~*~*~ (stealth).
 26875 | D:15     | 26875 ||| INVOKING Heroism.
 27000 | D:15     | 27000 ||| INVOKING Heroism.
 27126 | D:15     | 27126 ||| Stepping ~*~*~tactically~*~*~ (stealth).
 27144 | D:15     | 27144 ||| Stepping ~*~*~tactically~*~*~ (stealth).
 27206 | D:15     | 27206 ||| Stepping ~*~*~tactically~*~*~ (stealth).
 27207 | D:15     | 27207 ||| Stepping ~*~*~tactically~*~*~ (stealth).
 27212 | D:15     | 27212 ||| INVOKING Heroism.
 27509 | D:15     | Noticed Azrael
 27510 | D:15     | 27510 ||| INVOKING Heroism.
 27535 | D:15     | Killed from afar by Azrael

Levels and vault maps discovered:
D:1:      minmay_arrival_hallway, layout_basic
D:2:      cheibrodos_pilgrimage, layout_loops_ring, minmay_stone_trees_small,
          uniq_jessica
D:3:      layout_basic, okawaru_metal_pillars_3, uniq_grinder, uniq_ijyb
D:4:      layout_basic, nicolae_ru_awakened_eye
D:5:      layout_rooms, dancing_weapons_uskayaw
D:6:      layout_cave_pools, minmay_temple_entry_tees
D:7:      layout_loops_corners
D:8:      layout_gridville, mainiacjoe_overflow_brackets
D:9:      kennysheep_blocky_room, layout_basic, tso_metal_star
D:10:     nicolae_cairo_tiling_large_dashed, layout_rooms,
          jmf_multi_god_temple2, uniq_grum, uniq_joseph
D:11:     wad_river_or_something, layout_loops_ring, lair_entry_dummy,
          gammafunk_ghost_arena, uniq_josephine, uniq_psyche
D:12:     layout_roguey, minmay_misc_feat_tiny, minmay_misc_feat_five,
          interstate_on_off, minmay_three_doors, uniq_gastronok, uniq_maurice,
          uniq_nessos
D:13:     minmay_guarded_unrand_sword_of_power, layout_small_grid,
          david_vaults_1
D:14:     layout_roguey, gauntlet_entry_generic,
          minmay_guarded_unrand_resistance
D:15:     hangedman_depths_entry_try_elsewhere_first, layout_loops_corners,
          serial_demonic, serial_demonic_g, serial_demonic_f, serial_demonic_a,
          serial_demonic_f, nicolae_trove_entry_columns, serial_bayou_pond_e,
          uniq_azrael
Lair:1:   kb_forest_paths, layout_long_grid, chequers_serial_rivers_small_b,
          infiniplex_staircase_pool_2
Lair:2:   gammafunk_worm_tunnel, layout_gridlike, elwin_shoals_entry_rocks,
          guppyfry_snake_entry_garden
Lair:3:   layout_cave_pods, chequers_serial_rivers_small_a
Lair:4:   layout_gridlike, gammafunk_ghost_grave
Lair:5:   wormcave, layout_regular_city, hangedman_lair_caniforms_friends,
          slime_entry_1, serial_bayou_pond_e, chequers_serial_rivers_large_b

Skill      XL: |  1  2  3  4  5  6  7  8  9 10 11 12 13 14 15 16 |
---------------+-------------------------------------------------+-----
Axes           | 2 3 4 6 7 8 10 11 12 14 15 16 | 16.0
Fighting       | 4 6 7 8 9 10 12 13 | 13.0
Dodging        | 1 2 3 |  3.0
Throwing       | 1 2 3 4 7 |  7.0
Armour         | 4 5 7 8 9 10 12 13 | 13.0
Invocations    | 4 7 10 | 10.0
Shields        | 4 5 9 10 11 12 13 | 13.5

Action                     |  1- 3 |  4- 6 |  7- 9 | 10-12 | 13-15 | 16-18 || total
---------------------------+-------+-------+-------+-------+-------+-------++-------
  Melee: War axe           |    62 |   107 |   278 |   591 |  1300 |   223 ||  2561
         Flail             |       |       |       |       |   129 |    38 ||   167
  Throw: Boomerang         |       |       |    71 |    98 |    16 |     2 ||   187
         Javelin           |       |       |       |    17 |    91 |    36 ||   144
 Invoke: Heroism           |       |       |    13 |    21 |    33 |     9 ||    76
         Finesse           |       |       |       |     1 |     4 |       ||     5
    Use: Scroll            |     3 |     3 |    11 |    13 |     5 |       ||    35
         Potion            |       |       |     4 |       |     2 |       ||     6
   Stab: Distracted        |     1 |       |       |       |       |       ||     1
 Armour: Scale mail        |    22 |    63 |       |       |       |       ||    85
         Chain mail        |       |     9 |    50 |       |       |       ||    59
         Plate armour      |       |       |   192 |   272 |   733 |   111 ||  1308
  Dodge: Dodged            |    22 |    67 |   128 |   240 |   722 |    98 ||  1277
  Block: Buckler           |    15 |    20 |    64 |    36 |       |       ||   135
         Kite shield       |       |       |       |   211 |   875 |   114 ||  1200

Table legend:
 A = Non-vault XP
 B = Vault XP
 C = Vault XP percentage of total XP
 D = Non-vault monster count
 E = Vault monster count
 F = Vault count percentage of total count
                 A         B        C        D         E       F
            +---------+---------+-------+---------+---------+-------
      Total |   87830 |   61809 |  41.3 |     430 |     191 |  30.8
            +---------+---------+-------+---------+---------+-------
        D:1 |      36 |       0 |   0.0 |      22 |       0 |   0.0
        D:2 |      36 |      93 |  72.1 |      10 |       7 |  41.2
        D:3 |      43 |     313 |  87.9 |      14 |       2 |  12.5
        D:4 |     205 |       0 |   0.0 |      12 |       0 |   0.0
        D:5 |    1158 |       0 |   0.0 |      29 |       0 |   0.0
        D:6 |     761 |       0 |   0.0 |      17 |       0 |   0.0
        D:7 |     963 |       0 |   0.0 |      32 |       0 |   0.0
        D:8 |    2421 |       0 |   0.0 |      21 |       0 |   0.0
        D:9 |    2857 |    1898 |  39.9 |      24 |       8 |  25.0
       D:10 |    2650 |    1095 |  29.2 |      18 |       6 |  25.0
       D:11 |    4899 |    5660 |  53.6 |      14 |      15 |  51.7
       D:12 |    2553 |    4918 |  65.8 |      10 |       6 |  37.5
       D:13 |    5421 |   13612 |  71.5 |      20 |      17 |  45.9
       D:14 |    8217 |       0 |   0.0 |      16 |       0 |   0.0
       D:15 |   10638 |    8734 |  45.1 |      19 |      22 |  53.7
     Lair:1 |    3509 |    5004 |  58.8 |      16 |      20 |  55.6
     Lair:2 |    8260 |     477 |   5.5 |      26 |       3 |  10.3
     Lair:3 |    4718 |       0 |   0.0 |      21 |       0 |   0.0
     Lair:4 |   11836 |       0 |   0.0 |      40 |       0 |   0.0
     Lair:5 |   16649 |   15659 |  48.5 |      49 |      72 |  59.5
   Gauntlet |       0 |    4346 | 100.0 |       0 |      13 | 100.0
            +---------+---------+-------+---------+---------+-------
